 Dungeon Crawl Stone Soup version 0.23.2-30-g0e89c35649 (webtiles) character file.

Game seed: 8813984398369495718

39 Lokunos the Sneak (level 3, 0/18 HPs)
             Began as a Vine Stalker Assassin on June 13, 2019.
             Killed from afar by Natasha (9 damage)
             ... with a magic dart
             ... on level 2 of the Dungeon on June 15, 2019.
             The game lasted 00:06:13 (1062 turns).

Lokunos the Sneak (Vine Stalker Assassin)           Turns: 1062, Time: 00:06:13

Health: 0/18       AC:  5    Str: 13    XL:     3   Next: 47%
Magic:  0/4        EV: 11    Int: 11    God:
Gold:   33         SH:  0    Dex: 16    Spells: 2/2 levels left

rFire    . . .     SeeInvis .   a - +2 dagger
rCold    . . .     Gourm    .   (no shield)
rNeg     . . .     Faith    .   n - +0 leather armour
rPois    .         Spirit   +   (no helmet)
rElec    .         Reflect  .   d - +1 cloak
rCorr    .         Harm     .   (no gloves)
MR       .....                  (no boots)
Stlth    ++++......             (no amulet)
HPRegen  0.06/turn              h - ring of stealth
MPRegen  0.09/turn              (no ring)

@: no status effects
A: fangs 2, magic shield, antimagic bite, no potion heal 3, rot immunity
a: no special abilities


You were on level 2 of the Dungeon.
You were hungry.

You visited 1 branch of the dungeon, and saw 2 of its levels.

You collected 33 gold pieces.

Inventory:

Hand Weapons
 a - a +2 dagger (weapon)
 b - a +0 blowgun
Missiles
 e - 8 poisoned needles
 f - 2 curare-tipped needles
Armour
 c - a +0 robe
 d - a +1 cloak (worn)
 n - a +0 leather armour (worn)
Jewellery
 h - a ring of stealth (left hand)
Scrolls
 j - a scroll of identify
 k - a scroll of immolation {unknown}
 o - a scroll of random uselessness {unknown}
Potions
 i - a potion of curing {unknown}
 l - a potion of heal wounds {unknown}
 m - a potion of invisibility {unknown}
Comestibles
 g - 4 rations


   Skills:
 + Level 1.9 Fighting
 + Level 2.3 Short Blades
 + Level 1.9 Throwing
 + Level 1.0 Dodging
 + Level 5.6 Stealth


You had 2 spell levels left.
You didn't know any spells.
Your spell library was empty.

Dungeon Overview and Level Annotations

Branches:
Dungeon (2/15)

Altars:

Annotations:
D:2 Natasha


Innate Abilities, Weirdness & Mutations

You have extremely sharp teeth.
When hurt, damage is shared between your health and your magic reserves.
Your bite disrupts and absorbs the magic of your enemies.
Potions cannot restore your health.
You are immune to rotting.


Message History

You are feeling hungry.
You barely miss Natasha. Your bite misses Natasha.
Natasha is heavily wounded.
You hit Natasha. You bite Natasha.
Natasha's magic leaks into the air.
You drain her magic.
You feel invigorated.
Natasha is almost dead.
Natasha stares at you and mumbles some strange words.
The magic dart hits you.
You barely miss Natasha.
Natasha is almost dead.
Natasha claws you.
You hit Natasha. Your bite misses Natasha.
Natasha is almost dead.
Natasha claws you.
You hit Natasha but do no damage.
Natasha is almost dead.
Natasha stares at you and mumbles some strange words.
The magic dart hits you!
Ouch! That really hurt!
You die...

#......# # ## #......# ...
#......#
#.#.##....).#######.#
.....'...............
##.#......#.#.###.# #
#.#†.....#^#......
#.#.##.#...%..#.#'###.#
#.[...@h#######.......#
#...#.#.# #.........# #.#
#.#.# #.#)......# #..#.#
#.#.## # #.......# #..#.#
#.#..# #.#......## #..#.#
#.##.####.#........ #..#.#
#.............##... #..#.#
####.#####....# ...
#######..#.###..[..###.....#
...


You could see Natasha.

Vanquished Creatures
  An ooze (D:1)
  A leopard gecko (D:1)
  8 bats
  A giant cockroach (D:1)
  3 goblins
  3 hobgoblins (D:1)
  3 jackals (D:2)
  3 kobolds
  A ball python (D:1)
  2 frilled lizards
  10 rats (D:1)
36 creatures vanquished.

Notes
Turn   | Place    | Note
-------+----------+-------------------------------------------
     0 | D:1      | Lokunos the Vine Stalker Assassin began the quest for the
                  | Orb.
     0 | D:1      | Reached XP level 1. HP: 11/11 MP: 2/2
    64 | D:1      | Reached skill level 5 in Stealth
    68 | D:1      | Reached XP level 2. HP: 15/15 MP: 3/3
   451 | D:1      | Reached XP level 3. HP: 17/18 MP: 4/4
   533 | D:1      | Reached skill level 1 in Dodging
   958 | D:2      | Noticed Natasha
  1062 | D:2      | Killed from afar by Natasha

Skill      XL: |  1  2  3 |
---------------+----------+-----
Short Blades   | 2 |  2.3
Stealth        | 5 |  5.6
Dodging        | 1 |  1.0
Fighting       | |  1.9
Throwing       | |  1.9

Action                   || total
-------------------------++-------
Melee: Dagger            ||    86
       Bite              ||    12
 Fire: Blowgun           ||     2
  Use: Scroll            ||     3
 Stab: Sleeping          ||    11
Armor: Robe              ||    11
       Leather armour    ||     6
Dodge: Dodged            ||    45
